 Dungeon Crawl Stone Soup version 0.29.1-1-gd02db6906a (webtiles) character file.

Game seed: 14886489902189191584

405 RascalDebosk the Magician (level 7, -4/50 HPs)
             Began as a Djinni Air Elementalist on Oct 17, 2022.
             Slain by a lemure (7 damage)
             ... led by Pikel
             ... on level 4 of the Dungeon.
             The game lasted 00:16:37 (4506 turns).

RascalDebosk the Magician (Djinni Air Elementalist) Turns: 4506, Time: 00:16:37

Health: -4/50      AC:  2    Str:  7    XL:     7   Next: 12%
Gold:   220        EV: 12    Int: 19    God:
                   SH:  0    Dex: 13

rFire   + + .      SeeInvis .   o - +2 short sword (speed)
rCold   x . .      Faith    .   (no shield)
rNeg    . . .      Spirit   .   a - +0 robe
rPois   ∞          Reflect  .   (no helmet)
rElec   .          Harm     .   (no cloak)
rCorr   .          Rampage  .   (no gloves)
Will    .....                   (boots unavailable)
Stlth   ++........              (no amulet)
HPRegen 0.16/turn               (no ring)
MPRegen 0.00/turn               (no ring)

@: flying
A: sickness immunity, fire resistance 2, cold vulnerability 1, float, innate
caster, HP casting, extra vitality 1
a: no special abilities


You were on level 4 of the Dungeon.
You visited 1 branch of the dungeon, and saw 4 of its levels.
You also visited: Sewer.

You collected 220 gold pieces.

Inventory:

Hand Weapons
 f - a +2 dagger of draining
 o - a +2 short sword of speed (weapon)
 s - a +0 dagger
Armour
 a - a +0 robe (worn)
 j - a +0 kite shield
Scrolls
 b - a scroll of brand weapon {unknown}
 d - 3 scrolls of noise
 g - a scroll of vulnerability {unknown}
 k - a scroll of teleportation {unknown}
 r - a scroll of fear
 w - a scroll of enchant weapon
Potions
 c - a potion of flight
 e - a potion of degeneration {unknown}
 h - a potion of mutation {unknown}
 l - 3 potions of brilliance
 m - a potion of attraction {unknown}
 n - a potion of cancellation {unknown}
 q - a potion of magic {unknown}


   Skills:
 + Level 3.1 Fighting
 - Level 2.1 Dodging
 + Level 3.4 Stealth
 * Level 4.4 Spellcasting


You couldn't memorise any spells.
You knew the following spells:

 Your Spells              Type           Power      Damage    Failure   Level
a - Shock                 Conj/Air       80%        1d8       2%          1
b - Static Discharge      Conj/Air       20%        3-6/arc   3%          2
c - Swiftness             Air            20%        N/A       6%          3
d - Airstrike             Air            10%        2d(2-18)  22%         4
e - Foxfire               Conj/Fire      80%        2x1d8     2%          1
f - Blink                 Tloc           40%        N/A       3%          2
g - Summon Guardian Gole  Hex/Summ       20%        N/A       6%          3
Your spell library was empty.

Dungeon Overview and Level Annotations

Branches:
Dungeon (4/15)              Sewer (visited)
 Temple: D:4-7

Altars:

Shops:
D:1 (


Innate Abilities, Weirdness & Mutations

You are immune to sickness and miasma.
You are immune to poison.
Your flesh is very heat resistant. (rF++)
You are vulnerable to cold. (rC-)
You float through the air rather than walking.
You learn spells naturally, not from books.
Your magical power is your life essence.
You have superior vitality. (+4 MHP)


Message History

Casting: Shock (safe; 2% risk of failure)
Confirm with . or Enter, or press ? or * to list all spells.
A guardian golem appears, shielding your allies.
A lemure comes into view.
A lemure comes into view.
The lemure hits your guardian golem but does no damage.
The lemure hits your guardian golem but does no damage.
The lemure hits your guardian golem! The lemure hits your guardian golem.
The lemure completely misses your guardian golem.
Something hits your guardian golem but does no damage.
The lemure hits your guardian golem but does no damage.
Something hits your guardian golem but does no damage.
Something barely misses your guardian golem.
The lemure hits your guardian golem!
Your guardian golem overheats!
The lemure hits your guardian golem. Flame seeps out of your guardian golem.
A lemure comes into view.
Found a hand axe.
The lemure shouts!
The lemure barely misses your guardian golem.
Your guardian golem is engulfed in blazing flames.
Flame seeps out of your guardian golem.
Aiming: Shock (safe; 2% risk of failure)
Press: ? - help, Q - select action, (/) - cycle Shift-Dir - straight line, f - lemure
Aim: a lemure (64% to hit)
The zap hits the lemure.
The lemure is lightly wounded.
The lemure completely misses your guardian golem.
The lemure hits your guardian golem but does no damage.
Aiming: Shock (safe; 2% risk of failure)
Press: ? - help, Q - select action, (/) - cycle Shift-Dir - straight line, f/p - lemure
Aim: a lemure (lightly wounded, 64% to hit)
The zap misses the lemure.
The lemure hits your guardian golem but does no damage.
The lemure hits your guardian golem. Flame seeps out of your guardian golem.
The lemure hits you.
Your guardian golem is engulfed in blazing flames.
Your guardian golem disappears in a puff of smoke!
Your guardian golem explodes!
The fiery explosion engulfs the lemure!!
The lemure dies!
The fiery explosion engulfs the lemure!!
The lemure dies!
Casting: Shock (safe; 2% risk of failure)
Confirm with . or Enter, or press ? or * to list all spells.
The lemure is struck by an arc of lightning!
The lemure is moderately wounded.
You are struck by an arc of lightning.
The lightning grounds out.
The lemure hits you!
* * * LOW HITPOINT WARNING * * *
Casting: Static Discharge (safe; 3% risk of failure)
Confirm with . or Enter, or press ? or * to list all spells.
The lemure is struck by an arc of lightning.
The lemure is heavily wounded.
You are struck by an arc of lightning.
* * * LOW HITPOINT WARNING * * *
The lemure is struck by an arc of lightning!
The lemure is almost dead.
You are struck by an arc of lightning.
* * * LOW HITPOINT WARNING * * *
The lightning grounds out.
* * * LOW HITPOINT WARNING * * *
The lemure completely misses you.
Aiming: Shock (safe; 2% risk of failure)
Press: ? - help, Q - select action, (/) - cycle Shift-Dir - straight line, f/p - lemure
Aim: a lemure (almost dead, 64% to hit)
The zap hits the lemure!
You kill the lemure!
That felt strangely unrewarding.
* * * LOW HITPOINT WARNING * * *
You start resting.
A lemure is nearby!
You start resting.
A lemure is nearby!
Aiming: Shock (safe; 2% risk of failure)
Press: ? - help, Q - select action, (/) - cycle Shift-Dir - straight line The zap hits the lemure.
The lemure is lightly wounded.
The zap hits the lemure.
The lemure is moderately wounded.
* * * LOW HITPOINT WARNING * * *
Aiming: Shock (safe; 2% risk of failure)
Press: ? - help, Q - select action, (/) - cycle Shift-Dir - straight line The zap hits the lemure.
The lemure is moderately wounded.
* * * LOW HITPOINT WARNING * * *
The lemure barely misses you.
Aiming: Shock (safe; 2% risk of failure)
Press: ? - help, Q - select action, (/) - cycle Shift-Dir - straight line The zap misses the lemure.
* * * LOW HITPOINT WARNING * * *
The lemure hits you!
* * * LOW HITPOINT WARNING * * *
Aiming: Shock (safe; 2% risk of failure)
Press: ? - help, Q - select action, (/) - cycle Shift-Dir - straight line The zap misses the lemure.
* * * LOW HITPOINT WARNING * * *
The lemure hits you!
You die...

#..# #..# ####
#).# # ##..)
#..#
#.##..)######5.#
#....#)..55..(.#
###...######.#
#....☼.☼..@5.#
#.##.#########
.. #.# ...####.#
.......<#
#########


You could see a lemure.

Vanquished Creatures
  A lemure (D:4)
  A kobold brigand (Sewer)
  A scorpion (D:4)
  An orc wizard (D:3)
  Robin (D:4)
  4 gnolls (D:3)
  7 adders
  3 river rats (Sewer)
  2 worms
  A dart slug (D:3)
  5 orcs (D:3)
  10 ball pythons
  3 bats
  3 endoplasms
  4 giant cockroaches
  14 goblins
  4 hobgoblins
  7 jackals
  11 kobolds
  A quokka (D:3)
  15 frilled lizards
  12 rats
111 creatures vanquished.

Vanquished Creatures (others)
  2 lemures (D:4)
  A fungus (D:2)
  10 plants (Sewer)
  3 toadstools (D:2)
16 creatures vanquished.

Grand Total: 127 creatures vanquished

Notes
Turn   | Place    | Note
-------+----------+-------------------------------------------
     0 | D:1      | RascalDebosk the Djinni Air Elementalist began the quest
                  | for the Orb.
     0 | D:1      | RascalDebosk set off with the following spells memorised:
                  | Shock, Static Discharge, Swiftness, Airstrike.
     0 | D:1      | Reached XP level 1. HP: 15/15 MP: 0/0
    11 | D:1      | Found a faded altar of an unknown god.
   229 | D:1      | Reached XP level 2. HP: 16/22 MP: 0/0
   660 | D:1      | Found Qattetto's Antique Weapon Shop.
  1031 | D:2      | Reached XP level 3. HP: 24/26 MP: 0/0
  1031 | D:2      | Learned a level 1 spell: Foxfire
  1061 | D:2      | Reached skill level 1 in Fighting
  1497 | D:2      | Reached skill level 3 in Spellcasting
  1734 | D:2      | Reached XP level 4. HP: 16/32 MP: 0/0
  2438 | D:3      | Found a glowing drain.
  2442 | Sewer    | Entered a sewer
  2619 | Sewer    | Reached XP level 5. HP: 31/38 MP: 0/0
  2619 | Sewer    | Learned a level 2 spell: Blink
  3250 | Sewer    | Noticed a kobold brigand
  3260 | Sewer    | Killed a kobold brigand
  3261 | Sewer    | Reached XP level 6. HP: 35/45 MP: 0/0
  3371 | Sewer    | Reached skill level 4 in Spellcasting
  4451 | D:4      | Noticed Robin
  4454 | D:4      | Killed Robin
  4471 | D:4      | Reached XP level 7. HP: 37/50 MP: 0/0
  4471 | D:4      | Learned a level 3 spell: Summon Guardian Golem
  4506 | D:4      | Slain by a lemure

Illustrated notes

Levels and vault maps discovered:
D:1:      psy_arrival_terrarium, layout_rooms, serial_shops, nicolae_shop_trees,
          basic_ecumenical_altar
D:2:      layout_rooms, serial_curves, eino_curves_04, eino_curves_01,
          eino_curves_04, minmay_gold_behind_fungi, serial_park_tiny_pond
D:3:      layout_loops_ring, gup_sewer_entry_bowl, nicolae_elevator_lobby_plus
D:4:      layout_loops_ring, minmay_temple_entry_stoned_glass, uniq_robin,
          uniq_eustachio, uniq_edmund, uniq_pikel

Skill      XL: |  1  2  3  4  5  6 |
---------------+-------------------+-----
Fighting       | 1 2 3 |  3.1
Stealth        | 2 3 |  3.4
Spellcasting   | 3 4 |  4.4
Dodging        | |  2.1

Action                   |  1- 3 |  4- 6 |  7- 9 || total
-------------------------+-------+-------+-------++-------
Melee: Dagger            |       |     3 |       ||     3
 Cast: Shock             |    82 |   166 |     7 ||   255
       Static Discharge  |       |     1 |     2 ||     3
       Summon Guardian G |       |       |     1 ||     1
  Use: Scroll            |       |     5 |       ||     5
Armor: Robe              |     1 |     3 |       ||     4
Dodge: Dodged            |     6 |    16 |     2 ||    24
